 Dungeon Crawl Stone Soup version 0.23-a0-650-ga4d50d4 (webtiles) character file.

127 BongLord666 the Poker (level 5, 0/63 HPs)
             Began as a Merfolk Berserker on Jan 6, 2019.
             Was a Believer of Trog.
             Splashed by a jelly's acid (2 damage)
             ... on level 2 of the Dungeon.
             The game lasted 00:07:35 (1265 turns).

BongLord666 the Poker (Merfolk Berserker)           Turns: 1265, Time: 00:07:36

Health: 0/63       AC:  6    Str: 19    XL:     5   Next: 11%
Magic:  5/5        EV:  2    Int:  6    God:    Trog [**....]
Gold:   77         SH:  0    Dex: 18    Spells: 4/4 levels left

rFire    . . .     SeeInvis .   a - +0 spear
rCold    . . .     Gourm    .   (no shield)
rNeg     + + +     Faith    .   (armour currently unavailable)
rPois    +         Spirit   .   (helmet currently unavailable)
rElec    .         Reflect  .   (cloak currently unavailable)
rCorr    .         Harm     .   (gloves currently unavailable)
MR       .....     NoTele   +   (boots currently unavailable)
Stlth    +++.......             (no amulet)
HPRegen  0.20/turn              (no ring)
MPRegen  0.09/turn              (no ring)

@: agile, tree-form, corroded, hasted, very quick
A: (change form in water), (swift swim), (stealthy swim)
a: Berserk, Trog's Hand, Renounce Religion


You were on level 2 of the Dungeon.
You worshipped Trog.
Trog was pleased with you.
You were not hungry.
You were a tree.
You visited 1 branch of the dungeon, and saw 2 of its levels.

You collected 77 gold pieces.

Inventory:

Hand Weapons
 a - a +0 spear (weapon)
Armour
 b - a +0 animal skin
 i - a +2 ring mail of poison resistance (melded)
Scrolls
 f - a scroll of noise {unknown}
 g - 2 scrolls of identify {unknown}
 h - a scroll of immolation {unknown}
 j - a scroll of fog {unknown}
 l - a scroll of teleportation {unknown}
 m - a scroll of amnesia {unknown}
 n - a scroll of remove curse {unknown}
Comestibles
 c - 2 rations


   Skills:
 + Level 4.1 Fighting
 * Level 6.6 Polearms
 + Level 1.8 Armour
 + Level 3.4 Dodging


You had 4 spell levels left.
You didn't know any spells.
Your spell library was empty.

Dungeon Overview and Level Annotations

Branches:
Dungeon (2/15)

Altars:


Message History

The jelly is severely wounded.
You hit the jelly.
You kill the jelly!
Trog accepts your kill.
You have reached level 5!
You feel stronger.
You hit the jelly but do no damage. The acid corrodes you!
Your branches burn!
* * * LOW HITPOINT WARNING * * *
You hit the jelly but do no damage. The acid corrodes you!
Your branches burn!
* * * LOW HITPOINT WARNING * * *
The jelly hits you but does no damage.
You hit the jelly but do no damage. The acid corrodes you!
Your branches burn!
* * * LOW HITPOINT WARNING * * *
You hit the jelly but do no damage.
Your branches burn!
* * * LOW HITPOINT WARNING * * *
The jelly hits you but does no damage.
You hit the jelly but do no damage.
Your branches burn!
* * * LOW HITPOINT WARNING * * *
You hit the jelly but do no damage.
Your branches burn!
You die...

####### ##########.÷....#
#####...(..##JJ.÷...#
#.##....†.[#♣#......# ######
##.'........#(#JJP÷P.# #.....
#..'....)...#.#.JJ...# #.....
#..'^....)#'#.#PJ..PP# #.....
#..##.)...#.#.#......####.....
#.####....#.#(#.....P##.......
#.# #######(##..÷..[####...††
#.# ### #....< #.# ### #.....


You could see a jelly and an ooze.

Vanquished Creatures
  A jelly (D:2)
  5 oozes (D:2)
  2 worms (D:2)
  4 dart slugs (D:2)
  A leopard gecko (D:1)
  10 bats
  4 giant cockroaches
  4 goblins
  7 hobgoblins
  2 jackals (D:1)
  7 kobolds (D:2)
  4 frilled lizards
  8 rats
59 creatures vanquished.

Vanquished Creatures (others)
  2 fungi (D:2)
  9 toadstools (D:2)
11 creatures vanquished.

Grand Total: 70 creatures vanquished

Notes
Turn   | Place    | Note
-------+----------+-------------------------------------------
     0 | D:1      | BongLord666 the Merfolk Berserker began the quest for the
                  | Orb.
     0 | D:1      | Reached XP level 1. HP: 18/18 MP: 1/1
    93 | D:1      | Reached XP level 2. HP: 23/24 MP: 2/2
   450 | D:1      | Reached skill level 5 in Polearms
   536 | D:1      | Reached XP level 3. HP: 30/30 MP: 3/3
   834 | D:2      | Reached ** piety under Trog
  1043 | D:2      | Reached XP level 4. HP: 37/37 MP: 4/4
  1245 | D:2      | Reached skill level 6 in Polearms
  1259 | D:2      | Reached XP level 5. HP: 17/42 MP: 5/5
  1264 | D:2      | HP: 2/63 [acid (2)]
  1265 | D:2      | Splashed by a jelly's acid

Vault maps used:
D:1:      giann_forest_graveyard
D:2:      cheibrodos_fertilizer, minmay_pentomino_o4

Skill      XL: |  1  2  3  4 |
---------------+-------------+-----
Polearms       | 5 6 |  6.6
Dodging        | 3 |  3.4
Fighting       | 4 |  4.1
Armour         | |  1.8

Action                   |  1- 3 |  4- 6 || total
-------------------------+-------+-------++-------
Melee: Spear             |   148 |    83 ||   231
Invok: Berserk           |     1 |       ||     1
  Use: Potion            |       |     3 ||     3
  Eat: Ration            |     1 |       ||     1
Armor: Animal skin       |    13 |       ||    13
       Ring mail         |    25 |    16 ||    41
       Skin              |       |     8 ||     8
Dodge: Dodged            |    83 |    35 ||   118

Table legend:
 A = Non-vault XP
 B = Vault XP
 C = Vault XP percentage of total XP
 D = Non-vault monster count
 E = Vault monster count
 F = Vault count percentage of total count
                 A         B        C        D         E       F
            +---------+---------+-------+---------+---------+-------
      Total |      86 |      96 |  52.7 |      44 |      15 |  25.4
            +---------+---------+-------+---------+---------+-------
        D:1 |      35 |       0 |   0.0 |      21 |       0 |   0.0
        D:2 |      51 |      96 |  65.3 |      23 |      15 |  39.5
            +---------+---------+-------+---------+---------+-------
